 Dungeon Crawl Stone Soup version 0.31-a0-1529-g7bd419a0e5 (webtiles) character file.

Game seed: 1959966600987479454

76 voltaire321 the Conjurer (level 4, 0/36 HPs)
             Began as a Draconian Conjurer on Dec 31, 2023.
             Slain by an adder (3 damage)
             ... on level 2 of the Dungeon.
             The game lasted 00:03:06 (1409 turns).

voltaire321 the Conjurer (Draconian Conjurer)       Turns: 1409, Time: 00:03:06

Health: 0/36       AC:  5    Str:  9    XL:     4   Next: 12%
Magic:  1/7        EV: 12    Int: 21    God:
Gold:   62         SH:  0    Dex:  9    Spells: 5/8 levels left

rFire   . . .        b - +0 short sword
rCold   . . .        (no shield)
rNeg    . . .        (body armour unavailable)
rPois   .            (helmet restricted)
rElec   .            (no cloak)
rCorr   .            (no gloves)
SInv    .            (no boots)
Will    .....        (no amulet)
Stlth   ++           (no ring)
HPRegen 0.26/turn    (no ring)
MPRegen 0.10/turn

%: no passive effects
@: no status effects
A: AC +5, unfitting armour, cold-blooded
a: no special abilities


You were on level 2 of the Dungeon.
You visited 1 branch of the dungeon, and saw 2 of its levels.

You collected 62 gold pieces.

Inventory:

Hand Weapons
 b - a +0 short sword (weapon)
Scrolls
 c - 3 scrolls of identify {unknown}
 e - a scroll of vulnerability {unknown}
 f - a scroll of fear {unknown}
Potions
 a - a potion of magic
 d - a potion of enlightenment {unknown}


   Skills:
 + Level 1.9 Fighting
 + Level 2.5 Dodging
 - Level 1.7 Stealth
 + Level 2.6 Spellcasting
 + Level 4.4 Conjurations


You had 5 spell levels left.
You knew the following spells:

 Your Spells              Type           Power      Damage    Failure   Level
a - Magic Dart            Conj           84%        1d7       2%          1
b - Searing Ray           Conj           42%        2d6       3%          2

Your spell library contained the following spells:

 Spells                   Type           Power      Damage    Failure   Level
 Fulminant Prism          Conj/Alch      6%         3d7       50%         4
 Iskenderun's Mystic Bla  Conj/Tloc      12%        2d5       50%         4


Dungeon Overview and Level Annotations

Branches:
Dungeon (2/15)

Altars:


Innate Abilities, Weirdness & Mutations

Your plain brown scales are hard. (AC +5)
You cannot fit into any form of body armour.
You are cold-blooded and may be slowed by cold attacks.


Message History

You have reached level 4!
You feel clever.
You start resting.
An adder comes into view.
An adder is nearby!
Aiming: Magic Dart (safe; 2% risk of failure)
Press: ? - help, Q - select action, (/) - cycle Shift-Dir - straight line, f - adder
Aim: an adder (wandering, hasn't noticed you, 100% to hit)
The magic dart hits the adder.
The adder is moderately wounded.
A quokka comes into view.
Found 2 stones.
You see here a +0 dagger.
You miss the adder.
The adder is moderately wounded.
The adder bites you.
You are poisoned.
The adder poisons you! The adder barely misses you.
You barely miss the adder.
The adder is moderately wounded.
You feel sick. The adder completely misses you.
You completely miss the adder.
The adder is moderately wounded.
You feel sick. The adder bites you but does no damage.
You miss the adder.
The adder is moderately wounded.
You feel sick. The adder barely misses you. The adder closely misses you.
You barely miss the adder.
You tail-slap the adder, but do no damage.
The adder is moderately wounded.
You feel sick. The adder bites you.
* * * LOW HITPOINT WARNING * * *
You hit the adder but do no damage.
The adder is moderately wounded.
You feel sick.
You are no longer poisoned.
The quokka bites you.
* * * LOW HITPOINT WARNING * * *
The adder bites you.
You die...

# # #.#...# #..# r.#.
#.#...# ##†#
#...##.#!..# #.#
.....#...# ##.#####.#
#..#...###........#
#........(.......#
######)##†####........#
...(....rS.# #........#
########@#....#........#
#.#†...########..
.......# ## #.......#
#........# #....## #
#....# #....#


You could see an adder and a quokka.

Vanquished Creatures
  A howler monkey (D:2)
  3 ribbon worms
  4 endoplasms (D:1)
  A giant cockroach (D:1)
  2 goblins (D:1)
  2 hobgoblins (D:1)
  8 jackals (D:1)
  2 ball pythons
  A frilled lizard (D:2)
  4 kobolds (D:1)
  A rat (D:2)
29 creatures vanquished.

Notes
Turn   | Place    | Note
-------+----------+-------------------------------------------
     0 | D:1      | voltaire321 the Draconian Conjurer began the quest for the
                  | Orb.
     0 | D:1      | Reached XP level 1. HP: 14/14 MP: 3/3
   232 | D:1      | Reached XP level 2. HP: 22/22 MP: 1/5
   324 | D:1      | Learned a level 2 spell: Searing Ray
   398 | D:1      | Reached skill level 1 in Fighting
   956 | D:1      | Reached XP level 3. HP: 10/28 MP: 0/6
  1395 | D:2      | Reached XP level 4. HP: 10/36 MP: 1/7
  1409 | D:2      | Slain by an adder

Illustrated notes

Levels and vault maps discovered:
D:1:      sevenhm_arrival_forest_fort_large_2, layout_loops_ring,
          nicolae_wormholes
D:2:      layout_basic, minmay_lizard_pond, uniq_robin

Skill      XL: |  1  2 |
---------------+-------+-----
Dodging        | 2 |  2.5
Fighting       | 1 |  1.9
Stealth        | |  1.7
Spellcasting   | |  2.6
Conjurations   | |  4.4

Action                     |  1- 3 |  4- 6 || total
---------------------------+-------+-------++-------
  Melee: Short sword       |    56 |     6 ||    62
         Tailslap          |     9 |     1 ||    10
         Punch             |     1 |       ||     1
   Cast: Magic Dart        |    49 |     1 ||    50
         Searing Ray       |     1 |       ||     1
 Armour: Skin              |    24 |     5 ||    29
  Dodge: Dodged            |    37 |     4 ||    41

Table legend: (Time is in decaauts)
 A = Elapsed time spent in this place.
 B = Non-inter-level travel time spent in this place.
 C = Inter-level travel time spent in this place.
 D = Time resting spent in this place.
 E = Time spent auto-exploring this place.
 F = Levels seen in this place.
 G = Mean time per level.
                   A        B        C        D        E       F      G
               +--------+--------+--------+--------+--------+-----+--------+
         Total |   1408 |   1371 |     37 |    128 |   1021 |   2 |  704.0 |
       Dungeon |   1408 |   1371 |     37 |    128 |   1021 |   2 |  704.0 |
               +--------+--------+--------+--------+--------+-----+--------+

Top non-repeatable levels by time:
     D:1: 1263 daAuts
     D:2: 144 daAuts
